[Event "Titled Tuesday Blitz September 13 Late 2022"]
[White "Papasimakopoulos, Alexandros"]
[Black "Livaic, Leon"]
[WhiteFideId "4244125"]
[BlackFideId "14531534"]
[WhiteElo "2357"]
[BlackElo "2540"]
[Result "0-1"]
[Round "09"]
[TimeControl "180+1"]
[Date "2022.09.13"]
[WhiteClock "0:00:05"]
[BlackClock "0:00:39"]

1. d4 d5 2. c4 e6 3. Nc3 Nf6 4. cxd5 exd5 5. Bg5 Be7 6. e3 O-O 7. Bd3 Re8 8. Nf3 c6 9. Qc2 Nbd7 10. O-O h6 11. Bh4 Ne4 12. Bxe7 Qxe7 13. b4 Ndf6 14. Rab1 a6 15. Na4 Nd6 16. Nb6 Rb8 17. Ne5 Be6 18. a4 Qd8 19. a5 Nd7 20. Nbxd7 Bxd7 21. f3 Be6 22. Kh1 Qf6 23. e4 Qe7 24. Qf2 Rbd8 25. h3 Nc4 26. Bxc4 dxc4 27. Rfc1 Qd6 28. Nxc4 Qxd4 29. Qxd4 Rxd4 30. Nb2 Rxb4 31. Nd3 Rb5 32. Nc5 Bc8 33. Rxb5 axb5 34. Rd1 Kf8 35. Kg1 Ke7 36. Kf2 Rd8 37. Rxd8 Kxd8 38. e5 Kc7 39. Ke3 b6 40. axb6+ Kxb6 41. Kd4 Be6 42. f4 b4 43. g4 g6 44. Nd3 Kb5 45. Nb2 c5+ 46. Ke4 c4 47. f5 gxf5+ 48. gxf5 Bc8 49. e6 Bxe6 50. fxe6 fxe6 51. Kd4 e5+ 52. Kxe5 c3 53. Nd3 b3 54. Kd4 b2 55. Kxc3 b1=Q 56. Kd4 Qh1 57. Nf4 Qf3 58. Ke5 Kc5 59. h4 h5 60. Kf5 Qg4+ 61. Ke5 Qxh4 62. Ne6+ Kc4 63. Kf5 Qg4+ 64. Ke5 Qxe6+ 65. Kxe6 h4 0-1


[Site "https://www.chess.com"]

[Event "Titled Tuesday Blitz September 13 Late 2022"]
[White "Preotu, Razvan"]
[Black "Souleidis, Georgios"]
[WhiteFideId "2613280"]
[BlackFideId "4206827"]
[WhiteElo "2407"]
[BlackElo "2401"]
[Result "1-0"]
[Round "09"]
[TimeControl "180+1"]
[Date "2022.09.13"]
[WhiteClock "0:00:04"]
[BlackClock "0:00:01"]

1. e4 e5 2. Nf3 d6 3. d4 Bg4 4. dxe5 Nd7 5. exd6 Bxd6 6. Nc3 Ngf6 7. h3 Bh5 8. Be2 Qe7 9. Nd4 Bg6 10. Bg5 h6 11. Bxf6 Nxf6 12. O-O O-O-O 13. Bg4+ Kb8 14. Qe2 Nxe4 15. Qb5 Ka8 16. Nc6 bxc6 17. Qxc6+ Kb8 18. Qb5+ Ka8 19. Rfe1 Qe5 20. Qxe5 Bxe5 21. Nxe4 Bxb2 22. Rab1 Bd4 23. Bf3 c6 24. Nc5 Rd6 25. Na6 Bb6 26. c4 Bxb1 27. c5 Re6 28. Rxb1 Kb7 29. Nb4 Bxc5 30. Nxc6+ Kc7 31. Na5 Bb6 32. Rc1+ Kd7 33. Nc6 Rc8 34. Rd1+ Ke8 35. Nb4 Kf8 36. Bg4 Rce8 37. Bxe6 Rxe6 38. Kf1 a5 39. Nd5 Bc5 40. Rc1 Be7 41. Rc8+ 1-0


[Site "https://www.chess.com"]

[Event "Titled Tuesday Blitz September 13 Late 2022"]
[White "Putnam, Liam"]
[Black "Timmermans, Mark"]
[WhiteFideId "30938279"]
[BlackFideId "1026399"]
[WhiteElo "2031"]
[BlackElo "2460"]
[Result "1-0"]
[Round "09"]
[TimeControl "180+1"]
[Date "2022.09.13"]
[WhiteClock "0:00:12"]
[BlackClock "0:01:01"]

1. e4 e5 2. Nf3 Nc6 3. Bb5 f5 4. d3 fxe4 5. dxe4 Nf6 6. O-O d6 7. Nc3 Be7 8. Bc4 Na5 9. Bd3 O-O 10. Bg5 Kh8 11. Qe2 Qe8 12. Rad1 Bg4 13. h3 Bh5 14. Bxf6 Bxf6 15. Nd5 Bd8 16. g4 Bf7 17. Kg2 Nc6 18. c3 Be6 19. Qe3 Qf7 20. Bc2 Qg6 21. Nh2 Bg5 22. Qe2 Rf7 23. Kh1 Raf8 24. Rd3 Bxd5 25. exd5 Ne7 26. Rf3 Qh6 27. Rxf7 Rxf7 28. Kg2 Ng6 29. Bxg6 Qxg6 30. Nf3 Bf4 31. Nh4 Qg5 32. Nf3 Qg6 33. Re1 h5 34. Qe4 Qh6 35. Rh1 a5 36. b4 axb4 37. cxb4 Bg5 38. h4 Bd8 39. g5 Qh7 40. g6 Rf4 41. Qxf4 Qxg6+ 42. Qg3 Qe4 43. Re1 Qxd5 44. Qg6 Bf6 45. Qxh5+ Kg8 46. Qe8+ Kh7 47. Qh5+ Kg8 48. Qg4 Qxa2 49. Qc8+ Kh7 50. Qxb7 Qd5 51. Qxd5 1-0


[Site "https://www.chess.com"]

[Event "Titled Tuesday Blitz September 13 Late 2022"]
[White "Rustemov, Alexander"]
[Black "Petrovic, Aleksa"]
[WhiteFideId "4119002"]
[BlackFideId "967629"]
[WhiteElo "2842"]
[BlackElo "2262"]
[Result "1-0"]
[Round "09"]
[TimeControl "180+1"]
[Date "2022.09.13"]
[WhiteClock "0:01:06"]
[BlackClock "0:00:09"]

1. d4 Nf6 2. c4 e6 3. Nf3 b6 4. a3 Bb7 5. Nc3 d5 6. Bg5 Nbd7 7. cxd5 exd5 8. e3 Be7 9. Bd3 O-O 10. O-O h6 11. Bh4 a6 12. Qc2 c5 13. Rad1 Rc8 14. Bf5 c4 15. Ne5 Re8 16. Bxf6 Nxf6 17. Bxc8 Qxc8 18. a4 Qe6 19. h3 Bd6 20. Nf3 Bc8 21. b3 cxb3 22. Qxb3 Bc7 23. Rc1 Qd6 24. Ne5 Rxe5 25. dxe5 Qxe5 26. Rfd1 Qh2+ 27. Kf1 Qh1+ 28. Ke2 Qxg2 29. Nxd5 Be6 30. Rxc7 Bxd5 31. Rxd5 Nxd5 32. Rc8+ Kh7 33. Qd3+ g6 34. Qd4 f6 35. Qg4 h5 36. Qxg2 1-0


[Site "https://www.chess.com"]

[Event "Titled Tuesday Blitz September 13 Late 2022"]
[White "Sarana, Alexey"]
[Black "Keymer, Vincent"]
[WhiteFideId "24133795"]
[BlackFideId "12940690"]
[WhiteElo "2689"]
[BlackElo "2585"]
[Result "0-1"]
[Round "09"]
[TimeControl "180+1"]
[Date "2022.09.13"]
[WhiteClock "0:00:02"]
[BlackClock "0:00:05"]

1. c4 Nf6 2. Nc3 e5 3. Nf3 Nc6 4. g3 Bb4 5. Nd5 e4 6. Nh4 O-O 7. Bg2 d6 8. O-O g5 9. d4 h6 10. Ne3 gxh4 11. a3 Ba5 12. b4 Bb6 13. c5 dxc5 14. dxc5 h3 15. Bh1 Bxc5 16. bxc5 Qe7 17. Bb2 Rd8 18. Qe1 Ng4 19. Qc3 Nd4 20. Rae1 f6 21. Nxg4 Bxg4 22. Qe3 Qxc5 23. Bxe4 Qb6 24. Qxh6 f5 25. Qg5+ Kf7 26. Bxd4 Rxd4 27. Bxf5 Rg8 28. Qe3 Bxf5 29. Rc1 c5 30. Qf3 Kg6 31. Rfe1 Re8 32. Qc3 Qc6 33. f3 Qd6 34. e4 Be6 35. Qe3 b6 36. Rc2 Rd3 37. Qf2 Qd4 38. f4 Bg4 39. a4 Qxf2+ 40. Kxf2 Rd4 41. e5 Rxa4 42. Rd2 Rd4 43. Ra2 a5 44. Rb1 Re6 45. Rc1 Bf5 46. Kf3 Rd3+ 47. Ke2 Be4 48. Rc4 Kf5 49. Raa4 Bd5 50. Kxd3 b5 51. Rxc5 bxa4 52. Rxd5 Ra6 53. Kc2 Rc6+ 54. Kb2 a3+ 55. Kxa3 Rc2 56. e6+ Kxe6 57. Rh5 Rxh2 58. g4 Kf6 59. Rh6+ Kg7 60. g5 Rh1 61. f5 h2 62. Ka2 Rg1 63. f6+ Kf7 64. Rh7+ Ke6 65. Rf7 Kxf7 0-1


[Site "https://www.chess.com"]

[Event "Titled Tuesday Blitz September 13 Late 2022"]
[White "Sivakumar, Shaaketh"]
[Black "Martins, Bruno Andre Leite"]
[WhiteFideId "30940176"]
[BlackFideId "1942255"]
[WhiteElo "1799"]
[BlackElo "2282"]
[Result "1-0"]
[Round "09"]
[TimeControl "180+1"]
[Date "2022.09.13"]
[WhiteClock "0:00:55"]
[BlackClock "0:00:03"]

1. e4 c6 2. d4 d5 3. e5 Bf5 4. h4 Qc8 5. Bd3 c5 6. dxc5 Bxd3 7. Qxd3 Qxc5 8. Be3 Qa5+ 9. Nd2 e6 10. Nf3 Nc6 11. a3 Nge7 12. O-O Nf5 13. b4 Qc7 14. Bf4 Be7 15. h5 h6 16. c4 dxc4 17. Qxc4 a6 18. Ne4 Rd8 19. g4 Nfd4 20. Nxd4 Rxd4 21. Qc2 O-O 22. Rad1 Rfd8 23. Rxd4 Rxd4 24. Be3 Rd5 25. f4 Qd8 26. g5 hxg5 27. h6 gxh6 28. Qg2 Rd3 29. fxg5 hxg5 30. Bxg5 Kf8 31. Nf6 Qd4+ 32. Kh1 Nxe5 33. Bh6# 1-0


[Site "https://www.chess.com"]

[Event "Titled Tuesday Blitz September 13 Late 2022"]
[White "Sjugirov, Sanan"]
[Black "Shimanov, Aleksandr"]
[WhiteFideId "4189302"]
[BlackFideId "4198603"]
[WhiteElo "2609"]
[BlackElo "2605"]
[Result "0-1"]
[Round "09"]
[TimeControl "180+1"]
[Date "2022.09.13"]
[WhiteClock "0:00:02"]
[BlackClock "0:00:05"]

1. d4 Nf6 2. c4 g6 3. Nc3 Bg7 4. e4 d6 5. f3 O-O 6. Nge2 Nc6 7. Be3 a6 8. Qd2 Rb8 9. h4 h5 10. Rc1 e6 11. d5 Ne5 12. Nd4 exd5 13. cxd5 c5 14. dxc6 bxc6 15. Be2 c5 16. Nb3 Be6 17. O-O Bxb3 18. axb3 Rxb3 19. Bg5 Qb8 20. Rc2 Nc6 21. Bc4 Rb4 22. Bxf6 Bxf6 23. Nd5 Bd4+ 24. Kh1 Rxb2 25. Rxb2 Qxb2 26. Qxb2 Bxb2 27. Rb1 Bd4 28. Rb6 Ne5 29. Bxa6 c4 30. Rxd6 Bf2 31. Nf6+ Kg7 32. f4 Ng4 33. Nxg4 hxg4 34. Bxc4 g3 35. Rd7 Rc8 36. Be2 Rc2 37. Bf3 Rc1+ 38. Rd1 Rc5 39. f5 gxf5 40. exf5 Rc4 0-1


[Site "https://www.chess.com"]

[Event "Titled Tuesday Blitz September 13 Late 2022"]
[White "Sliwicki, Damian"]
[Black "Marjanovic, Annamaria"]
[WhiteFideId "1127128"]
[BlackFideId "750930"]
[WhiteElo "2135"]
[BlackElo "2156"]
[Result "1-0"]
[Round "09"]
[TimeControl "180+1"]
[Date "2022.09.13"]
[WhiteClock "0:00:13"]
[BlackClock "0:00:04"]

1. e4 e6 2. Qe2 Be7 3. Nc3 d5 4. exd5 exd5 5. d4 Nf6 6. Bd2 O-O 7. O-O-O Re8 8. Nf3 Bd6 9. Qd3 Ne4 10. Be1 Bf4+ 11. Kb1 Bf5 12. Qb5 Nxc3+ 13. Bxc3 b6 14. Bd3 a6 15. Qb3 Bxd3 16. Rxd3 Nc6 17. Bd2 Bxd2 18. Rxd2 Na5 19. Qd3 Nc4 20. Re2 Qd7 21. Rhe1 h6 22. Ne5 Nxe5 23. Rxe5 Rxe5 24. Rxe5 Re8 25. Qxa6 Rxe5 26. dxe5 b5 27. f4 Qg4 28. Qa8+ Kh7 29. Qxd5 Qxf4 30. b3 b4 31. h3 g6 32. Kb2 Qf2 33. a4 bxa3+ 34. Kxa3 Qa7+ 35. Kb2 Qf2 36. b4 Qf4 37. Kb3 Kg7 38. c3 Qf1 39. Qd4 Qb1+ 40. Ka4 Qa2+ 41. Kb5 Qe6 42. c4 Qe8+ 43. Ka5 Qa8+ 44. Kb5 Qe8+ 45. Kc5 Qf8+ 46. Kc6 Qxb4 47. e6+ Kh7 48. exf7 Qe7 49. Qd7 Qf6+ 50. Kxc7 Kg7 51. c5 Qe5+ 52. Qd6 Qf5 53. c6 Qa5+ 54. Kd7 Qf5+ 55. Qe6 Qa5 56. c7 Qb5+ 57. Qc6 Qf5+ 58. Qe6 Qb5+ 59. Ke7 Qc5+ 60. Kd8 Qf8+ 61. Kd7 Qa8 62. c8=Q Qa4+ 63. Qcc6 Qa7+ 64. Qc7 Qd4+ 65. Qed6 Qa4+ 66. Qcc6 Qa7+ 67. Qdc7 Qd4+ 68. Kc8 Kf8 69. Qd8+ Qxd8+ 70. Kxd8 Kg7 71. Qe8 h5 72. f8=Q+ Kh7 73. Qef7# 1-0


[Site "https://www.chess.com"]

[Event "Titled Tuesday Blitz September 13 Late 2022"]
[White "Tayar, Jonathan"]
[Black "Vovk, Orest"]
[WhiteFideId "2606534"]
[BlackFideId "14113490"]
[WhiteElo "2413"]
[BlackElo "2203"]
[Result "1-0"]
[Round "09"]
[TimeControl "180+1"]
[Date "2022.09.13"]
[WhiteClock "0:00:06"]
[BlackClock "0:00:03"]

1. e4 Nc6 2. Nf3 d5 3. exd5 Qxd5 4. Nc3 Qa5 5. Bb5 Bd7 6. Qe2 O-O-O 7. O-O a6 8. Ba4 Qh5 9. h3 g5 10. Re1 g4 11. Bxc6 Bxc6 12. Ne5 Nf6 13. Nxc6 bxc6 14. Qxa6+ Kd7 15. h4 Qxh4 16. g3 Qg5 17. d4 Qf5 18. Bf4 e6 19. Qb7 Bd6 20. Bxd6 Kxd6 21. Qb4+ Kd7 22. Na4 Qb5 23. Nc5+ Ke7 24. Qa3 Rd6 25. Re5 Qc4 26. Rae1 Qxd4 27. Nb7 h5 28. Nxd6 cxd6 29. c3 Qb6 30. Ra5 h4 31. Ra6 Qb5 32. Ra7+ Nd7 33. c4 Qf5 34. Rd1 c5 35. Qa4 e5 36. Qc6 Rh6 37. Qg2 hxg3 38. fxg3 Rf6 39. Rf1 Qxf1+ 40. Qxf1 Rxf1+ 41. Kxf1 Ke6 42. a4 f5 43. a5 Nb8 44. Rb7 Na6 45. Rb6 Nb4 46. a6 1-0


[Site "https://www.chess.com"]

[Event "Titled Tuesday Blitz September 13 Late 2022"]
[White "Trost, Edvin"]
[Black "Zenin, Dmitry"]
[WhiteFideId "1729519"]
[BlackFideId "4127897"]
[WhiteElo "2186"]
[BlackElo "2215"]
[Result "1-0"]
[Round "09"]
[TimeControl "180+1"]
[Date "2022.09.13"]
[WhiteClock "0:00:17"]
[BlackClock "0:00:04"]

1. Nf3 Nf6 2. g3 g6 3. Bg2 Bg7 4. O-O O-O 5. c4 d6 6. Nc3 e5 7. d4 Nbd7 8. e3 Re8 9. b3 c6 10. Bb2 a6 11. Qc2 Rb8 12. Rad1 Qc7 13. Ba3 Bf8 14. dxe5 dxe5 15. Bxf8 Kxf8 16. Ng5 Nc5 17. b4 Ne6 18. Nge4 Nxe4 19. Nxe4 Kg7 20. Nd6 Rf8 21. c5 f6 22. Rd2 Nd8 23. Rfd1 Be6 24. a4 Nf7 25. a5 Rbd8 26. h4 Rd7 27. Be4 Rfd8 28. h5 Nxd6 29. Rxd6 Rxd6 30. cxd6 Rxd6 31. Rxd6 Qxd6 32. hxg6 hxg6 33. Bxg6 Qxb4 34. Bf5 Bd5 35. e4 Bf7 36. Qd1 Qxa5 37. Qd7 Qa2 38. Qxb7 a5 39. Qa7 a4 40. Bd7 a3 41. Be8 Qb3 42. Bxf7 Qxf7 43. Qxa3 Qd7 44. Qc5 Kg6 45. Kg2 Kg7 46. Kf3 Kg6 47. Ke3 Kg7 48. f3 Kg6 49. Ke2 Kg7 50. g4 Qb7 51. Kf2 Qd7 52. Kg3 Qb7 53. Qd6 Qc8 54. g5 fxg5 55. Qxe5+ Kg6 56. Qd6+ Kg7 57. Qe7+ Kg6 58. e5 Qf5 59. Qd6+ Kh5 60. Kf2 Qc2+ 61. Kf1 Qc1+ 62. Ke2 Qc2+ 63. Ke3 Qc3+ 64. Ke4 Qc2+ 65. Qd3 Qc5 66. e6 1-0


[Site "https://www.chess.com"]

[Event "Titled Tuesday Blitz September 13 Late 2022"]
[White "Wan, Joseph"]
[Black "Hjartarson, Johann"]
[WhiteFideId "2069890"]
[BlackFideId "2300044"]
[WhiteElo "2198"]
[BlackElo "2458"]
[Result "1-0"]
[Round "09"]
[TimeControl "180+1"]
[Date "2022.09.13"]
[WhiteClock "0:01:14"]
[BlackClock "0:01:43"]

1. d4 Nf6 2. Bf4 d6 3. e3 g6 4. h3 Bg7 5. Nf3 O-O 6. Be2 c5 7. O-O b6 8. c4 cxd4 9. exd4 Bb7 10. Nc3 Nbd7 11. d5 Nc5 12. Nd4 Rc8 13. Rc1 a6 14. Bf3 Re8 15. b4 Ncd7 16. Nc6 Qc7 17. Re1 Kf8 18. g4 Ng8 19. Ne2 Ne5 20. Ned4 Nxf3+ 21. Qxf3 Bxc6 22. Ne6+ fxe6 23. Bxd6+ 1-0


[Site "https://www.chess.com"]

[Event "Titled Tuesday Blitz September 13 Late 2022"]
[White "Xiong, Jeffery"]
[Black "Dounis, Alexandros"]
[WhiteFideId "2047640"]
[BlackFideId "4213238"]
[WhiteElo "2714"]
[BlackElo "2204"]
[Result "1-0"]
[Round "09"]
[TimeControl "180+1"]
[Date "2022.09.13"]
[WhiteClock "0:02:37"]
[BlackClock "0:01:49"]

1. e4 e5 2. Nf3 Nc6 3. Nc3 Nf6 4. d4 exd4 5. Nxd4 Bb4 6. Nxc6 bxc6 7. Bd3 d5 8. exd5 O-O 9. O-O Bg4 10. f3 Bh5 11. dxc6 Qd4+ 12. Kh1 Bxc3 13. bxc3 Qxc3 14. Rb1 Qxc6 15. Rb3 Bg6 16. Bb2 Rad8 17. Qa1 Bxd3 18. cxd3 Rd6 19. Ba3 Nd5 20. Rc1 Qa6 21. Qb2 Rh6 22. Bxf8 Rxh2+ 23. Kxh2 Qh6+ 24. Kg1 Qe3+ 25. Kf1 Kxf8 26. Rb8+ Ke7 27. Re1 1-0


[Site "https://www.chess.com"]

[Event "Titled Tuesday Blitz September 13 Late 2022"]
[White "Yoo, Christopher Woojin"]
[Black "Ter-Sahakyan, Samvel"]
[WhiteFideId "30909694"]
[BlackFideId "13302531"]
[WhiteElo "2105"]
[BlackElo "2604"]
[Result "1/2-1/2"]
[Round "09"]
[TimeControl "180+1"]
[Date "2022.09.13"]
[WhiteClock "0:00:04"]
[BlackClock "0:00:04"]

1. e4 c6 2. Nf3 d5 3. d3 dxe4 4. dxe4 Qxd1+ 5. Kxd1 Nf6 6. Nbd2 Bg4 7. Be2 Nbd7 8. Ne1 Bxe2+ 9. Kxe2 g5 10. Nd3 Rg8 11. e5 Ng4 12. Nf3 f6 13. e6 Nb6 14. h3 Nh6 15. h4 g4 16. Nd4 O-O-O 17. c3 Rd5 18. Be3 Nf5 19. Nxf5 Rxf5 20. Bxb6 axb6 21. c4 g3 22. f3 Bh6 23. Rh3 Kc7 24. b4 Kd6 25. c5+ bxc5 26. Nxc5 b6 27. Rd1+ Rd5 28. Ne4+ Kxe6 29. Rxg3 Ra8 30. Nc3 Rxd1 31. Kxd1 Bf4 32. Rg4 Be5 33. Rc4 Kd7 34. b5 cxb5 35. Nxb5 Rxa2 36. g4 Rf2 37. Nd4 Bxd4 38. Rxd4+ Ke6 39. Re4+ Kf7 40. Re3 Rh2 41. h5 Rb2 42. Rc3 Rb5 43. Ke2 Rc5 44. Rd3 b5 45. Rd8 f5 46. g5 f4 47. Rh8 Rxg5 48. Rxh7+ Kf6 49. Rh6+ Kf5 50. Rb6 Rxh5 51. Rxb5+ e5 52. Rb8 Rh2+ 53. Kf1 Ke6 54. Re8+ Kd5 55. Rd8+ Kc5 56. Rd7 Kc4 57. Rd8 Rb2 58. Rd7 Rb5 59. Ke2 Rd5 60. Rc7+ Kd4 61. Rc1 Rb5 62. Rd1+ Kc4 63. Rc1+ Kd5 64. Rd1+ Ke6 65. Rd2 Rb3 66. Ra2 Kf5 67. Kf2 Rb1 68. Rc2 Rh1 69. Kg2 Re1 70. Ra2 Rd1 71. Kf2 Ke6 72. Ra6+ Rd6 73. Ra2 Kd5 74. Rd2+ Kc5 75. Rc2+ Kb6 76. Ke2 Rd5 77. Rc1 Rc5 78. Rb1+ Kc6 79. Rb8 Kd5 80. Rd8+ Ke6 81. Rd2 Kf5 82. Ra2 Kg5 83. Kf2 Kh4 84. Kg2 Rc8 85. Re2 Rg8+ 86. Kf2 Rg5 87. Re1 Kh5 88. Rh1+ Kg6 89. Ra1 Rh5 90. Kg2 Kf5 91. Ra8 Rh7 92. Rf8+ Ke6 93. Re8+ Kd5 94. Rd8+ Kc4 95. Rd2 Kc3 96. Rd5 Rh5 97. Kf2 Rh2+ 98. Kf1 Rh5 99. Ke2 Kc4 100. Rd8 Rh2+ 101. Kf1 Rb2 1/2-1/2


[Site "https://www.chess.com"]

[Event "Titled Tuesday Blitz September 13 Late 2022"]
[White "Zhigalko, Sergei"]
[Black "Nasuta, Grzegorz"]
[WhiteFideId "13502956"]
[BlackFideId "1141686"]
[WhiteElo "2662"]
[BlackElo "2354"]
[Result "1-0"]
[Round "09"]
[TimeControl "180+1"]
[Date "2022.09.13"]
[WhiteClock "0:00:04"]
[BlackClock "0:00:05"]

1. e4 e5 2. Nf3 Nc6 3. Bc4 Nf6 4. d3 Bc5 5. O-O a6 6. Nbd2 d6 7. c3 Ba7 8. Bb3 h6 9. Re1 O-O 10. Nf1 Re8 11. Ng3 Be6 12. h3 d5 13. Be3 Bxe3 14. Rxe3 Qd7 15. exd5 Bxd5 16. Qe2 Bxb3 17. axb3 Nd5 18. Nxe5 Nxe5 19. Rxe5 Nf4 20. Rxe8+ Rxe8 21. Qf3 Nxd3 22. Rd1 Re1+ 23. Rxe1 Nxe1 24. Qxb7 Qd1 25. Nf1 Nd3 26. Qxc7 Nxb2 27. b4 Qe2 28. Qc8+ Kh7 29. Qf5+ Kg8 30. Ne3 Qe1+ 31. Kh2 Qxc3 32. Nd5 Qe1 33. Qc8+ Kh7 34. Qc2+ Kg8 35. Qxb2 Qe4 36. Ne3 Qf4+ 37. Kg1 Qe4 38. Qb3 h5 39. Qc4 Qb1+ 40. Kh2 g6 41. Nd5 1-0


[Site "https://www.chess.com"]

[Event "Titled Tuesday Blitz September 13 Late 2022"]
[White "Al Hosani, Omran"]
[Black "Gascon Del Nogal, Jose Rafael"]
[WhiteFideId "9308733"]
[BlackFideId "3902463"]
[WhiteElo "2167"]
[BlackElo "2473"]
[Result "1-0"]
[Round "10"]
[TimeControl "180+1"]
[Date "2022.09.13"]
[WhiteClock "0:00:06"]
[BlackClock "0:00:05"]

1. d4 g6 2. Nf3 Bg7 3. g3 b6 4. Bg2 Bb7 5. O-O c5 6. d5 Nf6 7. Nc3 b5 8. Nxb5 Bxd5 9. Bf4 d6 10. e4 Bc6 11. e5 Bxb5 12. exf6 Bxf6 13. Re1 O-O 14. Nd4 cxd4 15. Bxa8 Nc6 16. a4 Be2 17. Qxe2 Qxa8 18. Qf3 Rc8 19. Bxd6 d3 20. cxd3 Bxb2 21. Rab1 Bf6 22. Bf4 a5 23. Kg2 Qa6 24. Rb5 Nb4 25. Qb7 Qxb7+ 26. Rxb7 Nxd3 27. Re4 Rc2 28. Be3 Kg7 29. Rb5 Ra2 30. Rd5 Nb4 31. Rxa5 Nc2 32. Ra6 Ne1+ 33. Kf1 Nd3 34. Kg2 Ne5 35. Ra7 Nc6 36. Rc7 Na5 37. Rb4 Ra3 38. Bb6 Nb3 39. a5 Nd2 40. a6 Rxa6 41. Bd4 Ra2 42. Bxf6+ Kxf6 43. Rf4+ Ke6 44. Rc6+ Kd7 45. Rc3 f5 46. Rd3+ Ke6 47. Rfd4 Ne4 48. Rf3 Kf6 49. Rxe4 e5 50. Re1 e4 51. Rc3 Kg5 52. Rc5 h5 53. h4+ Kg4 54. Rc4 g5 55. hxg5 Kxg5 56. Rc5 Kg4 57. Rh1 f4 58. Rh4# 1-0


[Site "https://www.chess.com"]

[Event "Titled Tuesday Blitz September 13 Late 2022"]
[White "Andreikin, Dmitry"]
[Black "Pap, Gyula"]
[WhiteFideId "4158814"]
[BlackFideId "725323"]
[WhiteElo "2736"]
[BlackElo "2519"]
[Result "1-0"]
[Round "10"]
[TimeControl "180+1"]
[Date "2022.09.13"]
[WhiteClock "0:00:18"]
[BlackClock "0:00:02"]

1. d4 d5 2. c4 c6 3. Nf3 Nf6 4. Qc2 g6 5. cxd5 cxd5 6. Bf4 Nc6 7. e3 Bg7 8. Nc3 O-O 9. h3 Qb6 10. Be2 Bf5 11. Qb3 Qxb3 12. axb3 Bc2 13. Ra3 Rfd8 14. Kd2 Bf5 15. Rc1 Bf8 16. Raa1 Rac8 17. Ne5 Nxe5 18. Bxe5 a6 19. g4 Be6 20. Na4 Nd7 21. Bc7 Re8 22. Bf4 f6 23. b4 Bf7 24. Rxc8 Rxc8 25. Nc5 Be8 26. Ne6 Bf7 27. Nxf8 Kxf8 28. b5 axb5 29. Ra7 Nb6 30. b3 Ra8 31. Rxb7 Ra2+ 32. Ke1 Ra1+ 33. Bd1 Nc8 34. Rxb5 e5 35. dxe5 fxe5 36. Bxe5 Rb1 37. Kd2 Be6 38. Kc2 1-0


[Site "https://www.chess.com"]

[Event "Titled Tuesday Blitz September 13 Late 2022"]
[White "Bortnyk, Mykola"]
[Black "Bortnyk, Olexandr"]
[WhiteFideId "14120836"]
[BlackFideId "14120828"]
[WhiteElo "2582"]
[BlackElo "2723"]
[Result "1-0"]
[Round "10"]
[TimeControl "180+1"]
[Date "2022.09.13"]
[WhiteClock "0:00:20"]
[BlackClock "0:00:01"]

1. d4 d6 2. c4 e5 3. Nc3 exd4 4. Qxd4 Nc6 5. Qd2 g6 6. g3 Bg7 7. Bg2 Nf6 8. b3 O-O 9. Bb2 Be6 10. Nh3 Bxh3 11. Bxh3 Re8 12. Bg2 h5 13. h3 a6 14. O-O Ne5 15. Bxb7 Rb8 16. Bg2 Qc8 17. f4 Ned7 18. e4 Nb6 19. Rae1 Nfd7 20. Ba1 a5 21. e5 dxe5 22. fxe5 Nxe5 23. Ne4 a4 24. Ng5 axb3 25. axb3 Qd7 26. Qxd7 Nbxd7 27. Bd5 Rf8 28. Nf3 Nxf3+ 29. Rxf3 Bxa1 30. Rxa1 c6 31. Be4 Ne5 32. Re3 Rfe8 33. Rae1 Re6 34. Kg2 Kg7 35. Bf5 gxf5 36. Rxe5 Rxe5 37. Rxe5 Rxb3 38. Rxf5 Kg6 39. Rc5 Rb6 40. h4 Ra6 41. Kf3 f6 42. g4 hxg4+ 43. Kxg4 Rb6 44. h5+ Kh6 45. Kf5 Kxh5 46. Kxf6+ Kg4 47. Ke6 Kf4 48. Kd6 Rb8 49. Rh5 1-0


[Site "https://www.chess.com"]

[Event "Titled Tuesday Blitz September 13 Late 2022"]
[White "Ceres, Dragos"]
[Black "Fishbein, Alexander"]
[WhiteFideId "13905864"]
[BlackFideId "2000377"]
[WhiteElo "2150"]
[BlackElo "2410"]
[Result "0-1"]
[Round "10"]
[TimeControl "180+1"]
[Date "2022.09.13"]
[WhiteClock "0:00:05"]
[BlackClock "0:00:28"]

1. e4 c5 2. Nf3 d6 3. c3 Nf6 4. h3 Nc6 5. Bd3 d5 6. e5 c4 7. Bc2 Nd7 8. Qe2 Nc5 9. O-O g6 10. b4 cxb3 11. axb3 d4 12. cxd4 Nxd4 13. Nxd4 Qxd4 14. Nc3 Bg7 15. Ba3 Ne6 16. Rfe1 O-O 17. Bxe7 Re8 18. Bd6 Nf4 19. Qc4 Qxc4 20. bxc4 Be6 21. c5 Bf8 22. Nb5 Rac8 23. Nc7 Rxc7 24. Bxc7 Bxc5 25. Be4 b5 26. Bd6 Bd4 27. Rab1 Bc4 28. g3 Nxh3+ 29. Kg2 Nxf2 30. Bc6 Rc8 31. Bb7 Rd8 32. Rf1 Bxf1+ 33. Rxf1 Nd3 34. Bd5 Bxe5 35. Bxf7+ Kg7 36. Bxe5+ Nxe5 37. Ba2 Rxd2+ 38. Rf2 Rxf2+ 39. Kxf2 a5 40. Ke3 a4 41. Kd4 b4 42. Ke4 b3 0-1


[Site "https://www.chess.com"]

[Event "Titled Tuesday Blitz September 13 Late 2022"]
[White "Gheorghiu, Calin"]
[Black "Martinez Ramirez, Lennis"]
[WhiteFideId "1200305"]
[BlackFideId "3509079"]
[WhiteElo "2168"]
[BlackElo "2374"]
[Result "0-1"]
[Round "10"]
[TimeControl "180+1"]
[Date "2022.09.13"]
[WhiteClock "0:00:01"]
[BlackClock "0:00:22"]

1. d4 Nf6 2. Bf4 g6 3. Nf3 Bg7 4. c3 d6 5. Nbd2 O-O 6. e4 Nh5 7. Bg5 h6 8. Bh4 g5 9. Bg3 e6 10. h4 g4 11. Ng1 f5 12. Bc4 f4 13. Bh2 Qxh4 14. Qb3 Re8 15. O-O-O Qxf2 16. Ne2 g3 17. Bg1 Qxg2 18. Rxh5 Rf8 19. Bxe6+ Bxe6 20. Qxe6+ Kh7 21. Qh3 Qxe2 22. d5 Nd7 23. Bd4 Ne5 24. Rh1 Rf6 25. Bxe5 dxe5 26. Rf5 Raf8 27. Rxe5 g2 28. Rg1 f3 29. Rf5 Rxf5 30. exf5 Qe3 31. Qh2 Rxf5 0-1


[Site "https://www.chess.com"]

[Event "Titled Tuesday Blitz September 13 Late 2022"]
[White "Goncalves, Davi Sulzbacher"]
[Black "Ghasi, Ameet K"]
[WhiteFideId "2154510"]
[BlackFideId "409200"]
[WhiteElo "2107"]
[BlackElo "2587"]
[Result "0-1"]
[Round "10"]
[TimeControl "180+1"]
[Date "2022.09.13"]
[WhiteClock "0:00:14"]
[BlackClock "0:00:18"]

1. d4 g6 2. c4 d6 3. Nc3 Bg7 4. e4 Nf6 5. f3 O-O 6. Be3 Nc6 7. Bd3 a6 8. Nge2 Rb8 9. O-O e5 10. d5 Ne7 11. c5 dxc5 12. Bxc5 Ne8 13. Qb3 Bd7 14. Qa3 Nd6 15. Bxd6 cxd6 16. Qxd6 Re8 17. Rac1 Bf8 18. Qxe5 Nf5 19. Qf4 Bh6 20. Qg4 Ne3 21. Qg3 Nxf1 22. Rxf1 Qb6+ 23. Kh1 Qxb2 24. e5 Bb5 25. Nxb5 axb5 26. f4 Bg7 27. h4 Qxa2 28. Bxb5 Qxd5 29. Bxe8 Rxe8 30. Qf3 Qc4 31. Rc1 Qb4 32. Qc3 Qe4 33. Qf3 Qb4 34. Rc7 Qe1+ 35. Ng1 Qxh4+ 36. Nh3 b5 37. Qd5 Rf8 38. Qxb5 h6 39. Qd7 g5 40. e6 Qe1+ 41. Kh2 Qxe6 42. Qxe6 fxe6 43. fxg5 Be5+ 44. Kg1 Bxc7 45. gxh6 Bd8 46. g4 Kh7 47. g5 Kg6 48. Kg2 Bxg5 49. h7 Bh6 50. Kg3 Kxh7 51. Kg4 Kg6 52. Kg3 e5 53. Kg4 e4 54. Kg3 e3 55. Kg2 e2 0-1


[Site "https://www.chess.com"]

[Event "Titled Tuesday Blitz September 13 Late 2022"]
[White "Hansen, Eric"]
[Black "Korchmar, Vasiliy"]
[WhiteFideId "2606771"]
[BlackFideId "24131750"]
[WhiteElo "2568"]
[BlackElo "2370"]
[Result "1-0"]
[Round "10"]
[TimeControl "180+1"]
[Date "2022.09.13"]
[WhiteClock "0:00:04"]
[BlackClock "0:00:04"]

1. e4 c5 2. Nf3 d6 3. Bb5+ Nd7 4. c3 Nf6 5. Qe2 a6 6. Ba4 b5 7. Bc2 Bb7 8. O-O e6 9. d4 Be7 10. Re1 O-O 11. Nbd2 Qc7 12. Nf1 cxd4 13. cxd4 Rfc8 14. Bd3 b4 15. Ng3 a5 16. Bd2 h6 17. a3 Qb6 18. axb4 axb4 19. Bb5 Rxa1 20. Rxa1 Rc2 21. Qd3 Rxb2 22. Bc1 Rb3 23. Qxb3 Qxb5 24. Nd2 d5 25. e5 Ne4 26. Ngxe4 dxe4 27. Qc4 Qb6 28. Bb2 Bd5 29. Qc8+ Nf8 30. Nf1 Qb5 31. Ra7 Bg5 32. Qc7 Qe8 33. Bc1 Bxc1 34. Qxc1 Ng6 35. g3 b3 36. Qb2 Qb5 37. Ne3 h5 38. h4 Nf8 39. Rc7 Qb4 40. Rc8 g6 41. Rc5 Kg7 42. Kg2 Kg8 43. g4 hxg4 44. Nxg4 e3+ 45. f3 Qd2+ 46. Qxd2 exd2 47. Ne3 Nd7 48. Rb5 Nf8 49. Kf2 g5 50. hxg5 Ng6 51. Ke2 Nh4 52. Kxd2 Nxf3+ 53. Kc3 Nxg5 54. Nxd5 exd5 55. Rxd5 Ne6 56. Kxb3 Kg7 57. Kc4 Kg6 58. Rd7 f6 59. Rd6 Kf5 60. d5 1-0


[Site "https://www.chess.com"]